 Dungeon Crawl Stone Soup version 0.30-a0-222-ge547ba4400 (webtiles) character file.

Game seed: 1622332267241432989

957 qw the Chopper (level 8, -2/48 HPs)
             Began as a Gargoyle Fighter on Oct 8, 2022.
             Slain by a gnoll sergeant
             ... wielding a +1 vorpal spear
              (9 damage)
             ... on level 5 of the Dungeon.
             The game lasted 00:01:45 (4363 turns).

qw the Chopper (Gargoyle Fighter)                   Turns: 4363, Time: 00:01:45

Health: -2/48      AC: 17    Str: 21    XL:     8   Next: 14%
Magic:  8/8        EV:  4    Int: 10    God:
Gold:   246        SH:  0    Dex:  9    Spells: 7/7 levels left

rFire   . . .      SeeInvis .    Y - +4 war axe
rCold   + . .      Faith    .    c - +0 buckler
rNeg    + . .      Spirit   .    p - +0 chain mail
rPois   inf        Reflect  .    (no helmet)
rElec   +          Harm     .    (no cloak)
rCorr   .          Rampage  .    f - +0 pair of gloves
Will    .....                    h - +0 pair of boots
Stlth   ..........               (no amulet)
HPRegen 0.28/turn                l - ring of protection from cold
MPRegen 0.11/turn                (no ring)

@: about to teleport, held
A: sickness immunity, AC +5, negative energy resistance 1, electricity
resistance, torment resistance 1, petrification resistance
a: no special abilities


You were on level 5 of the Dungeon.
You visited 1 branch of the dungeon, and saw 5 of its levels.

You collected 272 gold pieces.
You spent 26 gold pieces at shops.


Innate Abilities, Weirdness & Mutations

You are immune to sickness and miasma.
Your stone body is resilient. (AC +5)
You are immune to poison.
You resist negative energy. (rN+)
You are resistant to electric shocks. (rElec)
You are resistant to unholy torment.
You are immune to petrification.


   Skills:
 + Level 4.3 Fighting
 - Level 7.0 Axes
 - Level 3.5 Throwing
 - Level 3.2 Armour
 - Level 1.2 Dodging
 - Level 3.2 Shields


You had 7 spell levels left.
You didn't know any spells.
Your spell library was empty.

Inventory:

Hand Weapons
 g - a +0 flail
 Y - a +4 war axe (weapon)
Missiles
 m - 2 javelins (quivered)
Armour
 c - a +0 buckler (worn)
 f - a +0 pair of gloves (worn)
 h - a +0 pair of boots (worn)
 p - a +0 chain mail (worn)
Jewellery
 l - a ring of protection from cold (left hand)
Scrolls
 a - 3 scrolls of identify
Potions
 d - a potion of might
 e - a potion of heal wounds {unknown}
 i - a potion of magic {unknown}
 j - 2 potions of curing
 k - a potion of cancellation
 n - 3 potions of haste {unknown}

Dungeon Overview and Level Annotations

Branches:
Dungeon (5/15)             Temple (0/1) D:5

Altars:
Uskayaw
Xom

Shops:
D:1 *

Annotations:
D:4 1 runed translucent door, Crazy Yiuf


Message History

A scorpion comes into view.
The gnoll hits you with a +0 spear.
A gnoll comes into view. It is wielding a +0 spear.
You slash the gnoll!
You kill the gnoll!
A gnoll comes into view. It is wielding a +0 whip.
You closely miss the gnoll.
The gnoll shouts!
The gnoll hits you with a +0 flail.
You barely miss the gnoll. You barely miss the gnoll.
The gnoll barely misses you.
The gnoll sergeant hits you from afar with a +1 vorpal spear!
The gnoll hits you but does no damage.
You hit the gnoll.
The gnoll is moderately wounded.
You block the gnoll's attack. You block the scorpion's attack.
The gnoll sergeant completely misses you.
You slash the gnoll!
You kill the gnoll!
You closely miss the scorpion. The scorpion stings you.
The gnoll hits you from afar with a +0 spear!
The gnoll sergeant hits you from afar with a +1 vorpal spear.
The gnoll throws a throwing net.
The throwing net hits you.
You become entangled in the net!
You struggle against the net.
The scorpion barely misses you.
The gnoll hits you from afar with a +0 spear.
The gnoll sergeant hits you but does no damage.
The scorpion stings you but does no damage.
You tear a large gash into the net.
The gnoll sergeant barely misses you.
The gnoll hits you from afar with a +0 spear.
The gnoll hits you with a +0 whip. The scorpion stings you.
4363 ||| READING scroll of teleportation.
As you read the scroll of teleportation, it crumbles to dust.
You feel strangely unstable.
The gnoll sergeant hits you from afar with a +1 vorpal spear!
You die...

###.......# #.'
###........
...........# ###
)........##
...........# #
###......# ...........#
# ..#......#
...........# #.#......#
......... #.#......#
.....
#.#.........######.###
..#####.......gs@....##
### .......gg)..#..####
..........##....#
.........[#####.#######
..........# #........#
###.......# #........#
#.......# #........##
#.......# #..........
#........##


You could see a gnoll sergeant, a scorpion and 2 gnolls.

Vanquished Creatures
  Sigmund (D:2)
  An ice beast (D:5)
  A centaur (D:4)
  A howler monkey (D:4)
  2 orc priests (D:4)
  2 hounds
  A gnoll bouda (D:4)
  3 iguanas
  Natasha (twice) (D:2)
  4 orc wizards
  5 gnolls
  6 adders
  A worm (D:2)
  3 dart slugs
  16 orcs
  18 ball pythons
  7 bats
  An endoplasm (D:4)
  5 giant cockroaches
  9 goblins
  10 hobgoblins
  3 jackals (D:2)
  4 kobolds
  6 quokkas
  A frilled lizard (D:1)
  6 rats
119 creatures vanquished.

Vanquished Creatures (others)
  A hound (D:4)
  An adder (D:4)
  A worm (D:4)
  2 dart slugs (D:4)
  An endoplasm (D:4)
  A kobold (D:4)
7 creatures vanquished.

Grand Total: 126 creatures vanquished

Notes
Turn   | Place    | Note
-------+----------+-------------------------------------------
     0 | D:1      | qw the Gargoyle Fighter began the quest for the Orb.
     0 | D:1      | Reached XP level 1. HP: 14/14 MP: 1/1
     0 | D:1      | 0 ||| qw: Version: 0.2-a-17-g06abaee
     0 | D:1      | 0 ||| qw: Game counter: 2050
     0 | D:1      | 0 ||| qw: Always use a shield: true
     0 | D:1      | 0 ||| qw: God list: Okawaru
     0 | D:1      | 0 ||| qw: Allow faded altars: false
     0 | D:1      | 0 ||| qw: Do Orc after D:15 true
     0 | D:1      | 0 ||| qw: Do second Lair branch before Depths: true
     0 | D:1      | 0 ||| qw: Lair rune preference: random
     0 | D:1      | 0 ||| qw: Plans: Normal, Zot:1-4, God:TSO, Crypt, Tomb,
                  | Pan, Slime:5, Hells, Abyss, Orb
     0 | D:1      | 0 ||| PLANNING D:1-11
    24 | D:1      | Reached skill level 2 in Axes
   104 | D:1      | Reached XP level 2. HP: 19/19 MP: 2/2
   210 | D:1      | Found Wiuresm's Assorted Antiques.
   224 | D:1      | 224 ||| Stepping ~*~*~tactically~*~*~ (stealth).
   242 | D:1      | 242 ||| BUYING brown potion (26 gold).
   242 | D:1      | Bought a brown potion for 26 gold pieces
   242 | D:1      | 242 ||| SHOPLISTING bubbling pink potion (26 gold, have 2).
   242 | D:1      | 242 ||| SHOPLISTING fuming emerald potion (26 gold, have
                  | 2).
   242 | D:1      | 242 ||| SHOPLISTING sapphire potion (26 gold, have 2).
   242 | D:1      | 242 ||| SHOPLISTING scroll labelled GAZUD GULIG (29 gold,
                  | have 2).
   242 | D:1      | 242 ||| SHOPLISTING scroll labelled KAISIJO XUVO (29 gold,
                  | have 2).
   242 | D:1      | 242 ||| SHOPLISTING shiny plate armour (754 gold, have 2).
   242 | D:1      | 242 ||| SHOPLISTING slimy platinum ring (145 gold, have 2).
   282 | D:1      | Reached skill level 3 in Axes
   294 | D:1      | Reached XP level 3. HP: 23/23 MP: 3/3
   329 | D:1      | Found a faded altar of an unknown god.
   561 | D:1      | 561 ||| UPGRADING to +0 pair of gloves.
   566 | D:1      | 566 ||| UPGRADING to +0 pair of boots.
   571 | D:1      | 571 ||| READING 2 scrolls labelled KEFIQARABI.
   575 | D:1      | 575 ||| READING 2 scrolls labelled HONOEM RUUKEPH.
   576 | D:1      | 576 ||| READING scroll of enchant weapon.
   576 | D:1      | 576 ||| ENCHANTING +1 war axe.
   577 | D:1      | 577 ||| DRINKING 2 bubbling pink potions.
   715 | D:2      | 715 ||| Stepping ~*~*~tactically~*~*~ (stealth).
   770 | D:2      | 770 ||| Stepping ~*~*~tactically~*~*~ (stealth).
   814 | D:2      | Noticed Natasha
   820 | D:2      | Killed Natasha
   821 | D:2      | Reached XP level 4. HP: 26/28 MP: 4/4
   832 | D:2      | Reached skill level 4 in Axes
   874 | D:2      | 874 ||| Stepping ~*~*~tactically~*~*~ (stealth).
   938 | D:2      | Noticed Sigmund
   939 | D:2      | 939 ||| Stepping ~*~*~tactically~*~*~ (hiding).
   954 | D:2      | Killed Sigmund
   955 | D:2      | Reached skill level 3 in Throwing
   955 | D:2      | Reached XP level 5. HP: 22/32 MP: 5/5
   955 | D:2      | Reached XP level 6. HP: 25/37 MP: 6/6
   985 | D:2      | Noticed Natasha
   991 | D:2      | HP: 7/37 [Natasha/puff of flame (9)]
   992 | D:2      | 992 ||| READING 2 scrolls of teleportation.
  1252 | D:2      | 1252 ||| DROPPING +0 club.
  1404 | D:2      | 1404 ||| READING scroll of enchant weapon.
  1404 | D:2      | 1404 ||| ENCHANTING +2 war axe.
  1422 | D:2      | You fall into a shaft and drop 2 floors!
  1533 | D:4      | 1533 ||| Stepping ~*~*~tactically~*~*~ (hiding).
  1534 | D:4      | 1534 ||| Stepping ~*~*~tactically~*~*~ (hiding).
  1548 | D:4      | 1548 ||| Stepping ~*~*~tactically~*~*~ (stealth).
  1577 | D:4      | 1577 ||| FLEEEEING.
  1578 | D:4      | 1578 ||| FLEEEEING.
  1579 | D:4      | 1579 ||| FLEEEEING.
  1580 | D:4      | 1580 ||| FLEEEEING.
  1581 | D:4      | 1581 ||| STAIRDANCE
  1586 | D:3      | 1586 ||| Stepping ~*~*~tactically~*~*~ (stealth).
  1594 | D:3      | 1594 ||| UPGRADING to +0 chain mail.
  1597 | D:3      | 1597 ||| UPGRADING to +0 chain mail.
  1615 | D:3      | 1615 ||| DROPPING +0 scale mail.
  1616 | D:3      | 1616 ||| UPGRADING to ring of protection from cold.
  1617 | D:3      | 1617 ||| READING scroll labelled IFOSCH CESU.
  1618 | D:3      | 1618 ||| READING scroll labelled GAZUD GULIG.
  1619 | D:3      | 1619 ||| READING scroll labelled GOARUCL QIARUTEDIX.
  1644 | D:3      | 1644 ||| READING scroll labelled LOUGYX AXABIXE.
  1647 | D:3      | 1647 ||| Stepping ~*~*~tactically~*~*~ (stealth).
  1651 | D:3      | 1651 ||| FLEEEEING.
  1652 | D:3      | 1652 ||| FLEEEEING.
  1654 | D:3      | 1654 ||| FLEEEEING.
  1655 | D:3      | 1655 ||| FLEEEEING.
  1656 | D:3      | 1656 ||| FLEEEEING.
  1657 | D:3      | 1657 ||| FLEEEEING.
  1658 | D:3      | 1658 ||| FLEEEEING.
  1659 | D:3      | 1659 ||| FLEEEEING.
  1662 | D:3      | 1662 ||| FLEEEEING.
  1663 | D:3      | 1663 ||| FLEEEEING.
  1665 | D:3      | 1665 ||| FLEEEEING.
  1666 | D:3      | 1666 ||| FLEEEEING.
  1667 | D:3      | 1667 ||| FLEEEEING.
  1669 | D:3      | 1669 ||| FLEEEEING.
  1670 | D:3      | 1670 ||| FLEEEEING.
  1671 | D:3      | 1671 ||| FLEEEEING.
  1672 | D:3      | 1672 ||| FLEEEEING.
  1673 | D:3      | 1673 ||| FLEEEEING.
  1674 | D:3      | 1674 ||| FLEEEEING.
  1676 | D:3      | 1676 ||| FLEEEEING.
  1678 | D:3      | 1678 ||| FLEEEEING.
  1679 | D:3      | 1679 ||| FLEEEEING.
  1680 | D:3      | 1680 ||| FLEEEEING.
  1681 | D:3      | 1681 ||| FLEEEEING.
  1682 | D:3      | 1682 ||| STAIRDANCE
  1820 | D:2      | Killed Natasha
  2064 | D:3      | Reached skill level 5 in Axes
  2095 | D:3      | 2095 ||| Stepping ~*~*~tactically~*~*~ (stealth).
  2098 | D:3      | 2098 ||| DROPPING +0 whip.
  2104 | D:3      | 2104 ||| Stepping ~*~*~tactically~*~*~ (stealth).
  2105 | D:3      | 2105 ||| Stepping ~*~*~tactically~*~*~ (stealth).
  2118 | D:3      | 2118 ||| Stepping ~*~*~tactically~*~*~ (stealth).
  2128 | D:3      | 2128 ||| Stepping ~*~*~tactically~*~*~ (stealth).
  2189 | D:3      | 2189 ||| Stepping ~*~*~tactically~*~*~ (stealth).
  2516 | D:3      | 2516 ||| READING scroll labelled XIDEIS QUOQ.
  2517 | D:3      | 2517 ||| READING 2 scrolls labelled PIEHOE YBLE.
  2518 | D:3      | 2518 ||| DROPPING scroll of noise.
  2643 | D:4      | HP: 8/38 [orc/+0 trident (3)]
  2644 | D:4      | Reached XP level 7. HP: 10/43 MP: 7/7
  2644 | D:4      | 2644 ||| READING scroll of teleportation.
  2790 | D:4      | Found a shimmering altar of Xom.
  2855 | D:4      | Found a hide-covered altar of Uskayaw.
  3037 | D:4      | 3037 ||| Stepping ~*~*~tactically~*~*~ (stealth).
  3048 | D:4      | 3048 ||| Stepping ~*~*~tactically~*~*~ (stealth).
  3052 | D:4      | 3052 ||| Stepping ~*~*~tactically~*~*~ (stealth).
  3085 | D:4      | Found a runed translucent door.
  3086 | D:4      | Noticed Crazy Yiuf
  3138 | D:4      | 3138 ||| Stepping ~*~*~tactically~*~*~ (stealth).
  3139 | D:4      | 3139 ||| Stepping ~*~*~tactically~*~*~ (stealth).
  3269 | D:4      | 3269 ||| Stepping ~*~*~tactically~*~*~ (hiding).
  3279 | D:4      | Reached skill level 6 in Axes
  3540 | D:4      | 3540 ||| DRINKING 2 brown potions.
  3546 | D:4      | 3546 ||| Stepping ~*~*~tactically~*~*~ (hiding).
  3552 | D:4      | Reached skill level 1 in Dodging
  3670 | D:4      | 3670 ||| READING scroll of enchant weapon.
  3670 | D:4      | 3670 ||| ENCHANTING +3 war axe.
  3681 | D:4      | 3681 ||| READING scroll labelled KAISIJO XUVO.
  3831 | D:5      | Entered Level 5 of the Dungeon
  3843 | D:5      | 3843 ||| Stepping ~*~*~tactically~*~*~ (stealth).
  3845 | D:5      | 3845 ||| Stepping ~*~*~tactically~*~*~ (stealth).
  3861 | D:5      | 3861 ||| Stepping ~*~*~tactically~*~*~ (stealth).
  3877 | D:5      | Reached XP level 8. HP: 23/48 MP: 8/8
  4039 | D:5      | 4039 ||| Stepping ~*~*~tactically~*~*~ (stealth).
  4140 | D:5      | Found a staircase to the Ecumenical Temple.
  4213 | D:5      | Reached skill level 7 in Axes
  4350 | D:5      | 4350 ||| Stepping ~*~*~tactically~*~*~ (stealth).
  4362 | D:5      | HP: 11/48 [gnoll/+0 whip[a gnoll sergeant] (3)]
  4363 | D:5      | 4363 ||| READING scroll of teleportation.
  4363 | D:5      | Slain by a gnoll sergeant

Levels and vault maps discovered:
D:1:      dpeg_arrival_rooms_with_view, layout_rooms, serial_shops,
          nicolae_diamond_shop, hellmonk_ecumenical_altar_run_dry,
          minmay_misc_feat_pillars
D:2:      layout_basic, uniq_sigmund, uniq_natasha
D:3:      layout_loops_ring
D:4:      layout_loops_corners, nicolae_uskayaw_suspiria, xom_confusion_cloud,
          kennysheep_generic_room_6, uniq_crazy_yiuf_cottage
D:5:      layout_basic, minmay_temple_entry_glassed_door

Skill      XL: |  1  2  3  4  5  6  7  8 |
---------------+-------------------------+-----
Axes           | 2 3 4 5 6 7 |  7.0
Throwing       | 3 |  3.5
Fighting       | 4 |  4.3
Dodging        | 1 |  1.2
Armour         | |  3.2
Shields        | |  3.2

Action                   |  1- 3 |  4- 6 |  7- 9 || total
-------------------------+-------+-------+-------++-------
Melee: War axe           |   110 |   121 |   114 ||   345
Throw: Javelin           |       |    34 |    17 ||    51
       Boomerang         |       |       |     1 ||     1
  Use: Scroll            |     3 |     8 |     4 ||    15
       Potion            |     1 |       |     1 ||     2
Armor: Scale mail        |    59 |    31 |       ||    90
       Chain mail        |       |    44 |    80 ||   124
Dodge: Dodged            |    65 |    43 |    41 ||   149
Block: Buckler           |    24 |    23 |    15 ||    62

Table legend:
 A = Non-vault XP
 B = Vault XP
 C = Vault XP percentage of total XP
 D = Non-vault monster count
 E = Vault monster count
 F = Vault count percentage of total count
                 A         B        C        D         E       F
            +---------+---------+-------+---------+---------+-------
      Total |    1009 |     359 |  26.2 |     111 |       8 |   6.7
            +---------+---------+-------+---------+---------+-------
        D:1 |      38 |       4 |   9.5 |      23 |       2 |   8.0
        D:2 |      79 |     249 |  75.9 |      16 |       2 |  11.1
        D:3 |      41 |       0 |   0.0 |      22 |       0 |   0.0
        D:4 |     534 |     106 |  16.6 |      36 |       4 |  10.0
        D:5 |     317 |       0 |   0.0 |      14 |       0 |   0.0
            +---------+---------+-------+---------+---------+-------
